 Dungeon Crawl Stone Soup version 0.18.1-48-g4cf74bf (webtiles) character file.

816 nikopol the Poker (level 7, -4/63 HPs)
             Began as a Minotaur Berserker on July 4, 2016.
             Was a Priest of Trog.
             Engulfed by a cloud of freezing vapour (17 damage)
             ... on level 5 of the Dungeon.
             The game lasted 00:08:57 (3838 turns).

nikopol the Poker (Minotaur Berserker)              Turns: 3838, Time: 00:08:58

Health: -4/63      AC:  7    Str: 21    XL:     7   Next: 62%
Magic:  6/6        EV: 12    Int:  4    God:    Trog [***...]
Gold:   207        SH:  0    Dex: 12    Spells: 0 memorised, 6 levels left

rFire  . . .     SeeInvis +     x - +0 trident
rCold  . . .     Gourm    +     r - +0 scale mail
rNeg   . . .     Faith    .     (no shield)
rPois  .         Spirit   .     (helmet restricted)
rElec  .         Dismiss  .     (no cloak)
rCorr  .         Reflect  .     (no gloves)
SustAt +         Harm     .     (no boots)
MR     ++...                    y - amulet of the gourmand
Stlth  ..........               D - ring of sustain attributes
                                w - ring of see invisible

@: regenerating, very resistant to hostile enchantments, extremely unstealthy
A: retaliatory headbutt, horns 2
a: Berserk, Trog's Hand, Burn Spellbooks, Renounce Religion


You were on level 5 of the Dungeon.
You worshipped Trog.
Trog was most pleased with you.
You were full.

You visited 1 branch of the dungeon, and saw 5 of its levels.
You also visited: Sewer.

You collected 423 gold pieces.
You spent 216 gold pieces at shops.

Inventory:

Hand Weapons
 a - a +0 spear
 x - a +0 trident (weapon)
Missiles
 l - 136 arrows
Armour
 b - a +0 animal skin
 j - a +0 leather armour
 r - a +0 scale mail (worn)
Jewellery
 w - a ring of see invisible (left hand)
 y - an amulet of the gourmand (around neck)
 D - a ring of sustain attributes (right hand)
Wands
 G - a wand of slowing (13/48)
Scrolls
 d - 2 scrolls of amnesia {unknown}
 i - 4 scrolls of teleportation {unknown}
 n - a scroll of immolation {unknown}
 o - 4 scrolls of identify {unknown}
 q - 4 scrolls of fog {unknown}
 u - 3 scrolls of enchant armour
 v - 2 scrolls of fear {unknown}
 A - 2 scrolls of recharging {unknown}
 E - a scroll of holy word {unknown}
Potions
 e - 5 potions of flight {unknown}
 g - 4 potions of agility {unknown}
 k - a potion of lignification {unknown}
 m - a potion of berserk rage {unknown}
 p - a potion of magic {unknown}
 s - a potion of curing
 t - 2 potions of mutation {unknown}
 z - 2 potions of brilliance {unknown}
 C - a potion of heal wounds {unknown}
 F - a potion of degeneration {unknown}
 H - a potion of might {unknown}
Comestibles
 c - 6 bread rations
 f - 3 meat rations
 h - 2 slices of pizza
 B - a royal jelly


   Skills:
 + Level 6.2 Fighting
 + Level 6.3 Polearms
 + Level 5.6 Armour
 + Level 5.1 Dodging


You had 6 spell levels left.
You didn't know any spells.

Dungeon Overview and Level Annotations

Branches:
Dungeon (5/15)
 Temple: D:4-7

Altars:
Elyvilon
Kikubaaqudgha
Pakellas
Sif Muna
Trog
Xom
Yredelemnul
Zin

Shops:
D:4 ?


Innate Abilities, Weirdness & Mutations

You reflexively headbutt those who attack you in melee.
You have a pair of horns on your head.


Message History

You kill the shadow imp!
Trog accepts your kill.
You now have 207 gold pieces (gained 17).
You start resting.
HP restored.
Read which item? (? for menu, Esc to quit)
Okay, then.
You open the door.
Really walk into a travel-excluded area?
There is an open door here.
Your skin crawls.
You feel resistant to hostile enchantments.
You feel slightly less full.
You are engulfed in freezing vapours.
You are engulfed in freezing vapours.
You are engulfed in freezing vapours.
You are engulfed in freezing vapours.
* * * LOW HITPOINT WARNING * * *
You are engulfed in freezing vapours.
You die...

# #....# # #....# # #....# ##
##### #....# #### . ...## #..[.#
#... ######..##### #.^..# ###.##
............######....######...#
#8'8#################.##.....###
#..§§§§.....§§§§@§§§#....##### #
###################.#..### #
#$$$$$.§§§§§§.......#..<# ##
#####################.#.# ######.
.......##############.#.###......
######.#############..#.....#....
.........................##....##
<........############.#.###.##.#
......#...<.....##....#.##.....##


There were no monsters in sight!

Vanquished Creatures
  Eustachio (D:5)
  Menkaure (D:4)
  Purgy (Sewer)
  An ogre (D:4)
  A centaur skeleton (D:5)
  A hound (D:4)
  An orc wizard (D:4)
  3 worker ants
  2 hound skeletons
  3 gnolls (D:4)
  7 adders
  A shadow imp (D:5)
  2 oozes
  2 worms
  A dart slug (D:1)
  6 giant geckos
  5 orcs (D:4)
  5 bats
  4 giant cockroaches
  9 goblins
  8 hobgoblins
  4 jackals (D:3)
  4 quokkas
  7 ball pythons
  A giant gecko skeleton (D:4)
  7 giant newts
  7 kobolds
  A quokka zombie (D:5)
  A rat (D:2)
  A rat zombie (D:2)
  A plant (D:1)
99 creatures vanquished.

Notes
Turn   | Place    | Note
--------------------------------------------------------------
     0 | D:1      | nikopol the Minotaur Berserker began the quest for the Orb.
     0 | D:1      | Reached XP level 1. HP: 19/19 MP: 0/0
   256 | D:1      | Reached XP level 2. HP: 27/27 MP: 1/1
   700 | D:1      | Reached XP level 3. HP: 33/33 MP: 2/2
   956 | D:2      | Found a white marble altar of Elyvilon.
   998 | D:2      | Reached ** piety under Trog
  1047 | D:2      | Found a faded altar to an unknown god.
  1089 | D:2      | Found a shimmering altar of Xom.
  1133 | D:2      | Found a deep blue altar of Sif Muna.
  1134 | D:2      | Found an oddly glowing altar of Pakellas.
  1135 | D:2      | Found a basalt altar of Yredelemnul.
  1462 | D:2      | Reached XP level 4. HP: 38/40 MP: 3/3
  1506 | D:2      | Found an ancient bone altar of Kikubaaqudgha.
  1569 | D:3      | Found a glowing drain.
  1585 | Sewer    | Entered a sewer
  1608 | Sewer    | Noticed Purgy
  1616 | Sewer    | Killed Purgy
  1616 | Sewer    | Reached XP level 5. HP: 47/47 MP: 4/4
  1906 | D:3      | Reached skill level 5 in Fighting
  2054 | D:3      | Reached *** piety under Trog
  2318 | D:4      | Reached skill level 5 in Polearms
  2456 | D:4      | Reached XP level 6. HP: 54/56 MP: 5/5
  2489 | D:4      | Found a glowing silver altar of Zin.
  2564 | D:4      | Noticed Menkaure
  2571 | D:4      | Killed Menkaure
  2571 | D:4      | Reached skill level 5 in Armour
  2571 | D:4      | Reached XP level 7. HP: 62/62 MP: 6/6
  2624 | D:4      | Found Ijiap's Magic Scroll Shop.
  2626 | D:4      | Bought a scroll of enchant armour for 90 gold pieces
  2626 | D:4      | Bought a scroll of enchant armour for 90 gold pieces
  2819 | D:4      | Bought a scroll of remove curse for 36 gold pieces
  2930 | D:4      | Found a bloodstained altar of Trog.
  3256 | D:5      | Entered Level 5 of the Dungeon
  3267 | D:5      | Noticed Eustachio
  3291 | D:5      | Killed Eustachio
  3569 | D:5      | Reached skill level 5 in Dodging
  3838 | D:5      | Engulfed by a cloud of freezing vapour

Skill      XL: |  1  2  3  4  5  6  7 |
---------------+----------------------+-----
Armour         | 3 4 5 |  5.6
Polearms       | 4 5 6 |  6.3
Fighting       | 4 5 6 |  6.2
Dodging        | 3 4 5 |  5.1

Action                   |  1- 3 |  4- 6 |  7- 9 || total
-------------------------+-------+-------+-------++-------
Melee: Spear             |   171 |    59 |       ||   230
       Headbutt          |    25 |    14 |    10 ||    49
       Trident           |       |    34 |    62 ||    96
Invok: Berserk           |       |     2 |       ||     2
       Trog's Hand       |       |       |     1 ||     1
  Use: Scroll            |       |     2 |     1 ||     3
  Eat: Chunk             |     2 |     5 |    11 ||    18
Armor: Leather armour    |     9 |       |       ||     9
       Scale mail        |     9 |    20 |    16 ||    45
Dodge: Dodged            |    40 |    35 |    22 ||    97
